Map: Old Republic LE

Players

Indy - Winner!

  • Race: Protoss Protoss
  • Spawn Location: 1:00

A.I. 1 (Very Hard)

  • Race: Zerg Zerg
  • Spawn Location: 7:00

VOD

Have the link to the VOD?

Description

Time

  • Played on: May 8, 2026, 4:19 a.m.
  • Length: 7:40
Show
View Real Time Build Order
Export as new Build Order

Indy Protoss - Winner!

Build Orders: 1 Gate Expand, Phoenix Opening, Zealot Archon, Archon Drop 

Get SALT Encoding   

  12  0:00  Probe  
  13  0:12  Probe  
  14  0:18  Pylon  
  14  0:24  Probe  
  15  0:32  Probe  
  15  0:38  Gateway  
  15  0:40  Probe  
  16  0:49  Assimilator  
  17  0:51  Probe  
  18  1:03  Probe  
  19  1:15  Probe  
  20  1:25  Nexus  
  20  1:32  Cybernetics Core  
  20  1:36  Probe  
  21  1:41  Assimilator  
  21  1:48  Probe  
  21  1:52  Pylon  
  22  2:00  Adept, Probe  
  23  2:12  Probe  
  23  2:13  Warp Gate  
  26  2:23  Phoenix, Sentry  
  26  2:24  Probe  
  27  2:36  Gateway  
  27  2:37  Probe, Gateway  
  30  2:38  Probe  
  31  2:46  Stalker  
  31  2:49  Probe  
  34  2:51  Probe  
  35  3:00  Robotics Facility  
  35  3:02  Probe  
  35  3:04  Probe  
  37  3:14  Probe  
  37  3:16  Probe  
  37  3:18  Pylon  
  39  3:22  Twilight Council  
  39  3:25  Probe  
  39  3:27  Probe  
  40  3:33  Probe, Pylon  
  41  3:37  Immortal  
  41  3:39  Probe  
  43  3:42  Probe  
  48  3:51  Probe  
  48  3:54  Charge, Probe  
  50  3:58  Assimilator  
  50  4:00  Assimilator  
  50  4:03  Probe  
  50  4:06  Immortal, Probe  
  50  4:09  Gateway  
  52  4:15  Probe  
  57  4:18  Probe  
  58  4:26  Pylon  
  58  4:29  Gateway  
  58  4:31  Probe, Gateway  
  59  4:36  Warp Prism  
  59  4:40  Templar Archives  
  59  4:52  Gateway  
  61  4:54  Gateway  
  61  5:01  Pylon  
  61  5:07  Zealot x2  
  61  5:09  Zealot  
  61  5:10  Pylon  
  67  5:17  Zealot  
  69  5:25  Pylon  
  69  5:31  High Templar x4  
  69  5:32  Zealot  
  79  5:37  Archon x2  
  79  5:40  Zealot  
  81  5:54  Pylon  
  81  6:01  Zealot x4  
  81  6:03  Zealot x2  
  93  6:09  Pylon  
  93  6:11  Pylon  
  93  6:21  High Templar  
  93  6:22  High Templar  
  93  6:23  Zealot x2  
  101  6:28  High Templar, Zealot x2  
  101  6:29  High Templar  
  101  6:30  Archon  
  109  6:33  Archon  
  109  6:37  Pylon  
  109  6:38  Pylon  
  95  6:55  Zealot x6  
  95  7:00  Zealot  
  109  7:01  Zealot  
  107  7:16  Zealot x6  
  107  7:21  Zealot  
  107  7:22  Zealot  
Show
View Real Time Build Order
Export as new Build Order

A.I. 1 (Very Hard) Zerg 

Build Orders: Hatch First 

Get SALT Encoding   

  12  0:00  Drone  
  13  0:12  Overlord  
  13  0:16  Drone  
  14  0:30  Drone x2  
  14  0:34  Drone  
  17  0:53  Hatchery, Drone  
  17  1:09  Spawning Pool  
  17  1:10  Extractor  
  15  1:12  Drone  
  15  1:16  Drone  
  17  1:20  Drone  
  18  1:28  Drone  
  19  1:38  Overlord  
  19  1:49  Drone  
  20  1:56  Queen  
  20  2:00  Zergling x2  
  23  2:05  Drone  
  24  2:12  Queen  
  26  2:17  Drone  
  27  2:30  Roach Warren  
  27  2:32  Extractor  
  27  2:33  Drone  
  26  2:37  Drone  
  27  2:44  Overlord  
  27  2:47  Drone  
  27  2:50  Drone  
  29  2:54  Drone  
  29  2:57  Drone  
  31  3:00  Drone  
  31  3:04  Zergling x2  
  33  3:09  Zergling x2  
  34  3:15  Roach  
  34  3:16  Roach  
  40  3:20  Roach  
  40  3:24  Roach  
  40  3:27  Drone  
  43  3:29  Drone  
  44  3:34  Overlord  
  44  3:42  Lair  
  44  3:53  Drone x3  
  47  3:57  Overlord  
  47  3:59  Drone  
  47  4:02  Drone  
  49  4:03  Drone  
  49  4:06  Drone  
  49  4:08  Drone  
  52  4:15  Drone, Zergling x4  
  56  4:17  Zergling x2  
  56  4:20  Overlord  
  56  4:27  Roach  
  56  4:30  Roach  
  60  4:33  Overlord  
  60  4:38  Drone x2  
  60  4:41  Hydralisk Den, Drone  
  62  4:58  Overlord  
  62  5:02  Evolution Chamber  
  62  5:03  Drone  
  62  5:06  Evolution Chamber  
  61  5:07  Drone  
  61  5:08  Drone  
  61  5:10  Drone  
  61  5:11  Lurker Den  
  61  5:12  Drone, Hydralisk  
  61  5:13  Hydralisk x3  
  72  5:14  Roach  
  72  5:17  Roach  
  76  5:23  Overlord  
  76  5:24  Drone  
  76  5:26  Drone x2  
  76  5:27  Drone  
  80  5:32  Ravager  
  80  5:34  Drone  
  82  5:36  Roach  
  82  5:41  Ravager  
  82  5:42  Hydralisk  
  87  5:43  Roach x2  
  87  5:45  Overlord  
  91  5:51  Hydralisk, Extractor  
  91  5:56  Extractor, Drone  
  91  6:03  Hydralisk, Overlord, Drone  
  94  6:04  Hydralisk  
  96  6:13  Drone  
  96  6:18  Spine Crawler, Drone  
  96  6:19  Drone x2  
  96  6:22  Drone  
  96  6:24  Overlord  
  100  6:28  Infestation Pit  
  100  6:29  Drone  
  100  6:36  Roach  
  100  6:37  Spine Crawler, Drone  
  100  6:38  Roach  
  104  6:42  Overlord  
  104  6:46  Roach x3  
  109  6:48  Roach  
  109  6:50  Roach  
  78  6:55  Zergling x2  
  78  6:58  Zergling x2  
  78  7:01  Drone, Zergling x4  
  68  7:07  Drone  
  55  7:10  Overseer  
Tags
 
Add a new tag
Caveats
  • Supply blocks, unpowered buildings, or Contaminate may cause inaccurate times.
  • Supply counts are checked every 10 seconds.